 Dungeon Crawl Stone Soup version 0.28-a0-991-g956f0ee3d5 (webtiles) character file.

Game seed: 10351628779818889083

13615 devnull the Warrior (level 12, -3/119 (122) HPs)
             Began as a Hill Orc Fighter on Dec 5, 2021.
             Slain by an ogre (6 damage)
             ... while paralysed by an orc sorcerer
             ... on level 2 of the Orcish Mines.
             The game lasted 00:31:03 (14104 turns).

devnull the Warrior (Hill Orc Fighter)             Turns: 14104, Time: 00:31:04

HP:   -3/119 (122)  AC: 22    Str: 27    XL:     12   Next: 7%
MP:   12/12         EV:  2    Int:  8    God:
Gold: 387           SH:  0    Dex: 10    Spells: 11/11 levels left

rFire   . . .      SeeInvis .   b - +5 battleaxe of Seablaol {freeze, rPois rN+ Stlth+}
rCold   . . .      Faith    .   (shield currently unavailable)
rNeg    + . .      Spirit   .   F - +0 chain mail
rPois   +          Reflect  +   (no helmet)
rElec   .          Harm     .   x - +0 cloak
rCorr   .          Rampage  .   i - +2 pair of gloves {Str+3}
Will    .....                   u - +0 pair of boots
Stlth   ..........              G - amulet of reflection
HPRegen 0.29/turn               o - +4 ring of protection
MPRegen 0.13/turn               (no ring)

@: paralysed, lethally poisoned (-3 -> -5), studying Fighting, lightly drained
A: no striking features
a: no special abilities


You were on level 2 of the Orcish Mines.
You visited 2 branches of the dungeon, and saw 11 of its levels.
You also visited: Bailey.

You collected 952 gold pieces.
You spent 565 gold pieces at shops.

Inventory:

Hand Weapons
 a - a +1 war axe
 b - the +5 battleaxe of Seablaol (weapon) {freeze, rPois rN+ Stlth+}
   (You took it off a gnoll in a bailey)

   It freezes those it strikes, dealing additional cold damage.
   It can also slow down cold-blooded creatures.
   rPois:     It protects you from poison.
   rN:        It protects you from negative energy.
   Stlth:     It makes you more stealthy.
 E - a +3 arbalest of freezing
Missiles
 n - 30 poisoned darts (quivered)
 v - 5 silver boomerangs
 B - 2 throwing nets
Armour
 c - a +0 buckler
 i - a +2 pair of gloves of strength (worn)
 u - a +0 pair of boots (worn)
 x - a +0 cloak (worn)
 F - a +0 chain mail (worn)
Jewellery
 o - a +4 ring of protection (left hand)
 A - a ring of ice
 G - an amulet of reflection (around neck)
Wands
 s - a wand of paralysis (9)
 y - a wand of digging (5)
Scrolls
 f - 2 scrolls of teleportation
 g - 2 scrolls of fear
 h - 5 scrolls of vulnerability
 j - 3 scrolls of fog
 l - 2 scrolls of enchant weapon
 q - a scroll of brand weapon {unknown}
 r - a scroll of amnesia {unknown}
 t - 2 scrolls of blinking
 z - 2 scrolls of immolation
Potions
 d - 4 potions of might
 e - 3 potions of invisibility
 k - 4 potions of attraction
 m - 2 potions of curing {unknown}
 p - 2 potions of flight {unknown}
 w - a potion of lignification {unknown}
Miscellaneous
 D - a lightning rod (4/4)


   Skills:
 * Level 15.9 Fighting
 + Level 12.7 Axes
 + Level 11.0 Armour
 + Level 11.0 Shields


You had 11 spell levels left.
You didn't know any spells.
Your spell library contained the following spells:

 Spells                   Type           Power      Damage    Failure   Level
 Corpse Rot               Necr/Air       0%         N/A       95%         2
 Poisonous Vapours        Pois/Air       0%         N/A       95%         2


Dungeon Overview and Level Annotations

Branches:
Dungeon (9/15)             Temple (0/1) D:6            Lair (0/6) D:8
    Orc (2/2) D:9             Elf (0/3) Orc:2        Bailey (visited)

Altars:
Gozag
Makhleb
Nemelex Xobeh
Trog
Uskayaw
The Shining One

Shops:
D:5 [   D:9 *   Orc:2 *(

Annotations:
D:5 1 runed translucent door, Crazy Yiuf


Message History

You slash the fungus! You freeze the fungus.
A warg comes into view.
Unknown command.
You slash the orc sorcerer! You freeze the orc sorcerer.
The orc sorcerer is moderately wounded.
You slash the fungus! You freeze the fungus.
The orc sorcerer hits you with a +0 dagger.
An orc priest comes into view. It is wielding a +0 short sword.
The orange demon stings you from afar.
You are poisoned.
The orange demon poisons you!
You feel extremely sick.
A nearby fungus withers and dies.
You feel very sick.
You feel very sick.
You feel very sick.
You feel sick.
The warg pauses to sniff the ground.
The orc sorcerer gestures at you while chanting.
You suddenly lose the ability to move!
You feel sick.
The orc sorcerer gestures at you while chanting.
The bolt of fire hits you!!
* * * LOW HITPOINT WARNING * * *
You feel sick.
The orc sorcerer gestures at you while chanting.
You resist with some effort.
The orange demon stings you but does no damage.
You feel sick.
The orange demon stings you but does no damage.
You feel sick.
The orc sorcerer points at you and mumbles some strange words.
The bolt of negative energy hits you! You partially resist.
You feel drained.
* * * LOW HITPOINT WARNING * * *
The orange demon stings you but does no damage.
* * * LOW HITPOINT WARNING * * *
You feel sick. The orc sorcerer casts a spell at you.
You resist with some effort. The ogre hits you with a +0 giant club.
You die...

....#.....##.........))....##
..........#...........##.##.#
...........#.#.........###
..# ..#.#.#.#.#####.......##
...# .....>.#### #......##
... ......## #.....## ##....#
##..#.## ####.## #...### .
### ##.@#.## ####...
#.Ooh.##)......
##..4.........♣
#...............
#......P........
#P.P.....P.......
#.P....8....#....
#.....∩.....#.##.
#.P.........# .


You could see an orange demon (summoned), a warg, an orc sorcerer and an ogre.

Vanquished Creatures
  An orc warlord (D:9)
  3 orc knights
  A cyclops (Orc:1)
  3 orc sorcerers (Orc:2)
  An unseen horror (D:9)
  A troll (D:9)
  Grinder (D:3)
  Sigmund (D:5)
  5 yaks (D:9)
  A steam dragon (D:9)
  4 wargs (Orc:1)
  2 water moccasins
  2 sky beasts
  25 orc warriors
  3 necrophages
  2 ice beasts
  5 centaurs
  4 ogres
  7 wolves (Orc:1)
  2 phantoms
  2 bullfrogs
  8 gnoll sergeants (Bailey)
  4 scorpions
  5 killer bees (D:9)
  16 wights
  2 centaur zombies
  4 hounds
  3 jellies
  11 orc priests
  6 gnoll shamans (Bailey)
  An iguana (D:5)
  Jessica (D:2)
  7 orc wizards
  A hound skeleton (D:5)
  A howler monkey zombie (D:9)
  14 gnolls (Bailey)
  A howler monkey skeleton (D:5)
  8 adders
  3 shadow imps
  An ufetubus (D:5)
  2 adder skeletons (D:4)
  3 worms (D:2)
  3 dart slugs
  67 orcs
  5 bats
  7 endoplasms
  5 giant cockroaches
  5 goblins
  5 hobgoblins
  8 jackals
  4 quokkas
  7 ball pythons
  5 frilled lizards
  5 kobolds
  8 rats
312 creatures vanquished.

Vanquished Creatures (others)
  20 fungi (Orc:2)
20 creatures vanquished.

Grand Total: 332 creatures vanquished

Notes
Turn   | Place    | Note
-------+----------+-------------------------------------------
     0 | D:1      | devnull the Hill Orc Fighter began the quest for the Orb.
     0 | D:1      | Reached XP level 1. HP: 19/19 MP: 1/1
   308 | D:1      | Reached XP level 2. HP: 22/27 MP: 2/2
   484 | D:1      | Found a faded altar of an unknown god.
   998 | D:2      | Reached XP level 3. HP: 31/33 MP: 3/3
  1001 | D:2      | Reached skill level 4 in Fighting
  1284 | D:2      | Reached XP level 4. HP: 34/40 MP: 4/4
  1496 | D:2      | Noticed Jessica
  1658 | D:2      | Killed Jessica
  1853 | D:2      | Found a hide-covered altar of Uskayaw.
  1964 | D:2      | Reached XP level 5. HP: 32/47 MP: 5/5
  2584 | D:3      | Noticed Grinder
  2597 | D:3      | Paralysed by Grinder for 7 turns
  2609 | D:3      | Paralysed by Grinder for 2 turns
  2614 | D:3      | Killed Grinder
  2615 | D:3      | Reached skill level 5 in Fighting
  2615 | D:3      | Reached XP level 6. HP: 3/56 MP: 6/6
  2939 | D:3      | Reached skill level 5 in Axes
  3488 | D:4      | Noticed a necrophage
  3499 | D:4      | Killed a necrophage
  3500 | D:4      | Reached skill level 5 in Armour
  3500 | D:4      | Reached skill level 5 in Shields
  3500 | D:4      | Reached XP level 7. HP: 46/61 MP: 7/7
  4512 | D:4      | Reached skill level 6 in Fighting
  4663 | D:5      | Entered Level 5 of the Dungeon
  4978 | D:5      | Noticed Sigmund
  4998 | D:5      | Killed Sigmund
  4999 | D:5      | Reached skill level 7 in Fighting
  4999 | D:5      | Reached XP level 8. HP: 60/73 MP: 8/8
  5263 | D:5      | Found a runed translucent door.
  5264 | D:5      | Noticed Crazy Yiuf
  5519 | D:5      | Found Yzuesch's Antique Armour Shoppe.
  5526 | D:5      | Bought a pair of boots for 117 gold pieces
  5624 | D:5      | Reached skill level 8 in Fighting
  6211 | D:6      | Found a staircase to the Ecumenical Temple.
  6349 | D:6      | Reached skill level 9 in Fighting
  6356 | D:6      | Reached XP level 9. HP: 55/82 MP: 9/9
  7011 | D:6      | Found a sparkling altar of Nemelex Xobeh.
  7016 | D:6      | Found a glowing golden altar of the Shining One.
  7023 | D:6      | Found a burning altar of Makhleb.
  7048 | D:6      | Found a hide-covered altar of Uskayaw.
  7050 | D:6      | Found a bloodstained altar of Trog.
  7055 | D:6      | Found an opulent altar of Gozag.
  7466 | D:7      | Reached skill level 10 in Fighting
  8330 | D:8      | Noticed an eight-headed hydra
  8354 | D:8      | Found a staircase to the Lair.
  8432 | D:9      | Found Hyrod's Fire Supplies.
  8474 | D:9      | Reached skill level 11 in Fighting
  8480 | D:9      | Reached XP level 10. HP: 88/96 MP: 10/10
  8716 | D:9      | Found a flagged portal.
  8753 | Bailey   | Entered a bailey
  8758 | Bailey   | Reached skill level 12 in Fighting
  8974 | Bailey   | Reached skill level 10 in Axes
  9234 | Bailey   | Identified the +5 battleaxe of Seablaol {freeze, rPois rN+
                  | Stlth+}
 10373 | D:9      | Killed an unseen horror
 10611 | D:9      | Reached skill level 13 in Fighting
 10717 | D:9      | Found a staircase to the Orcish Mines.
 10722 | Orc:1    | Entered Level 1 of the Orcish Mines
 10754 | Orc:1    | Noticed an orc warlord
 11036 | D:9      | Killed an orc warlord
 11037 | D:9      | Reached XP level 11. HP: 87/108 MP: 11/11
 11439 | D:9      | Reached skill level 10 in Shields
 11485 | Orc:1    | Reached skill level 14 in Fighting
 11485 | Orc:1    | Reached skill level 10 in Armour
 11689 | Orc:1    | Noticed an orc knight
 11714 | D:9      | Killed an orc knight
 12255 | Orc:1    | Noticed a cyclops
 12261 | Orc:1    | Killed a cyclops
 12291 | Orc:1    | Noticed an orc knight
 12338 | Orc:1    | Killed an orc knight
 13087 | Orc:2    | Entered Level 2 of the Orcish Mines
 13088 | Orc:2    | Noticed an orc sorcerer
 13099 | Orc:2    | Reached skill level 15 in Fighting
 13236 | Orc:2    | Noticed an orc knight
 13411 | Orc:1    | Killed an orc knight
 13752 | Orc:2    | Noticed an orc sorcerer
 13754 | Orc:2    | Killed an orc sorcerer
 13958 | Orc:2    | Noticed a sun demon
 13959 | Orc:2    | Killed an orc sorcerer
 13960 | Orc:2    | Reached XP level 12. HP: 122/122 MP: 12/12
 14029 | Orc:2    | Found Ryretett's General Store.
 14038 | Orc:2    | Bought a scroll of identify for 28 gold pieces
 14039 | Orc:2    | Bought an amulet of reflection for 420 gold pieces
 14049 | Orc:2    | Found a staircase to the Elven Halls.
 14084 | Orc:2    | Found Umaot's Antique Weapon Shoppe.
 14099 | Orc:2    | Paralysed by an orc sorcerer for 6 turns
 14103 | Orc:2    | HP: 4/119 [orc sorcerer/bolt of negative energy (11)]
 14104 | Orc:2    | Slain by an ogre

Illustrated notes

Levels and vault maps discovered:
D:1:      shiori_arrival_elements, layout_loops_ring, basic_ecumenical_altar,
          minmay_distorted
D:2:      layout_loops_ring, basic_altar, minmay_circle_x, uniq_jessica
D:3:      layout_loops_ring, minmay_quadrilaterals, uniq_grinder
D:4:      layout_cave_pools, small_statue_intersection
D:5:      layout_loops_corners, serial_shops, nicolae_shop_trees, uniq_sigmund,
          uniq_crazy_yiuf_cottage
D:6:      layout_rooms, nicolae_overflow_hallway_of_the_gods,
          minmay_temple_entry_statues_pillars, minmay_tree_intersection
D:7:      layout_rooms
D:8:      layout_basic, mainiacjoe_overflow_six_doors_small, lair_entry_dummy,
          serial_shops, shop, minmay_misc_feat_enclosed,
          nicolae_shop_firing_range
D:9:      layout_roguey, hiddenorc1_lemuel, enter_bailey_4,
          nicolae_shop_fire_sale [nicolae_sub_dead_trees],
          chequers_serial_rivers_micro_c
Orc:1:    layout_diamond_mine, nicolae_orc_bridge_out, mines5_lemuel
Orc:2:    grunt_orc_gardens, layout_diamond_mine, grunt_orc_garden,
          grunt_orc_garden, grunt_orc_garden, grunt_orc_garden, serial_shops,
          nicolae_shop_trees, uniq_sonja

Skill      XL: |  1  2  3  4  5  6  7  8  9 10 11 12 |
---------------+-------------------------------------+-----
Axes           | 3 4 5 6 7 9 11 12 | 12.7
Fighting       | 4 5 7 9 11 13 15 | 15.9
Armour         | 4 5 6 8 9 11 | 11.0
Shields        | 4 5 6 8 9 10 11 | 11.0

Action                   |  1- 3 |  4- 6 |  7- 9 | 10-12 || total
-------------------------+-------+-------+-------+-------++-------
Melee: War axe           |   107 |   112 |   245 |       ||   464
       Battleaxe         |       |       |    69 |   301 ||   370
Throw: Dart              |       |       |    40 |       ||    40
       Throwing net      |       |       |       |     5 ||     5
Evoke: Lightning rod     |       |       |       |     2 ||     2
       Wand              |       |       |       |     1 ||     1
  Use: Scroll            |       |     5 |     7 |     3 ||    15
       Potion            |       |       |     3 |       ||     3
 Stab: Held in net/web   |       |       |       |     3 ||     3
       Paralysed         |       |       |       |     1 ||     1
Armor: Scale mail        |    62 |    34 |   152 |    79 ||   327
       Chain mail        |       |       |       |   199 ||   199
Dodge: Dodged            |    52 |    53 |   170 |   220 ||   495
Block: Buckler           |    23 |    17 |    51 |       ||    91
       Other             |       |       |       |     3 ||     3

Table legend: (Time is in decaauts)
 A = Elapsed time spent in this place.
 B = Non-inter-level travel time spent in this place.
 C = Inter-level travel time spent in this place.
 D = Time resting spent in this place.
 E = Time spent auto-exploring this place.
 F = Levels seen in this place.
 G = Mean time per level.
                   A        B        C        D        E       F      G
               +--------+--------+--------+--------+--------+-----+--------+
         Total |  14303 |  13884 |    419 |   2764 |   8651 |  12 | 1191.9 |
       Dungeon |  10936 |  10547 |    389 |   1590 |   7235 |   9 | 1215.1 |
  Orcish Mines |   2026 |   1997 |     29 |    672 |    879 |   2 | 1013.0 |
        Bailey |   1340 |   1340 |      0 |    502 |    537 |   1 | 1340.0 |
               +--------+--------+--------+--------+--------+-----+--------+

Top non-repeatable levels by time:
     D:9: 2400 daAuts
   Orc:1: 1825 daAuts
     D:5: 1487 daAuts
     D:3: 1428 daAuts
     D:2: 1378 daAuts
  Bailey: 1340 daAuts
     D:1: 1024 daAuts
     D:7: 1015 daAuts
     D:6: 986 daAuts
     D:4: 924 daAuts
     D:8: 291 daAuts
   Orc:2: 201 daAuts
